AoeStats
← OctopusRewind

Golden Pit

508789088Analyzed
1v1 RM · 9d ago on Sep 24, 2026· 53m 58s· 2 players
Game mode
Random Map
Map size
Tiny (2 player)
Population
200
Speed
Normal
Resources
Standard
Victory
Conquest
Starting age
Dark Age
Ending age
Imperial Age
RankedLock teamsTeams togetherTeam positionsShared explorationLock speedFull tech treeHidden civsTurbo modeCheats
Victory
Defeat
🇦🇷 Vikings · Argentina
398
+21
🇺🇸 Portuguese · United States
514
-35
LeomaX99
13:00 Feudal Age
11:44 Loom
13:35 Double-Bit Axe
13:31 Horse Collar
21:28 Castle Age
19:43 Gold Mining
20:22 Stone Mining
20:53 Town Watch
22:42 Fletching
22:16 Man-at-Arms
27:36 Crossbowman
27:39 Elite Skirmisher
27:40 Long Swordsman
27:41 Pikeman
29:18 Treadmill Crane
30:46 Gold Shaft Mining
32:19 Ballistics
32:34 Forging
34:19 Iron Casting
33:40 Bodkin Arrow
34:46 Scale Mail Armor
34:46 Padded Archer Armor
34:51 Scale Barding Armor
36:07 Heavy Plow
36:21 Bow Saw
36:50 Squires
36:37 Arson
42:24 Murder Holes
42:55 Loom
47:10 Imperial Age
46:27 Chain Mail Armor
46:28 Leather Archer Armor
46:33 Chain Barding Armor
45:50 Pikeman
46:47 Guard Tower
47:10 Masonry
49:00 Chemistry
49:27 Arrowslits
50:13 Architecture
50:27 Conscription
52:00 Town Patrol
51:50 Capped Ram
OctopusRewind
2:41 Loom
16:39 Feudal Age
16:45 Man-at-Arms
17:12 Arson
17:22 Double-Bit Axe
18:47 Wheelbarrow
17:58 Town Watch
18:05 Horse Collar
25:34 Forging
25:38 Scale Mail Armor
25:38 Padded Archer Armor
25:29 Fletching
25:45 Scale Barding Armor
28:43 Castle Age
27:32 Gold Mining
30:12 Iron Casting
29:53 Chain Mail Armor
29:55 Leather Archer Armor
30:43 Bodkin Arrow
30:38 Long Swordsman
30:39 Pikeman
31:05 Gambesons
31:16 Light Cavalry
33:17 Heavy Plow
33:21 Crossbowman
34:59 Bow Saw
35:33 Chain Barding Armor
36:22 Circumnavigation
36:39 Murder Holes
38:27 Thumb Ring
39:15 Husbandry
41:25 Hand Cart
44:03 Town Patrol
45:08 Elite Skirmisher
48:11 Bloodlines
48:21 Stone Mining
53:08 Stone Shaft Mining
Connection lost

Rejoining the realm…

Still unreachable

The connection could not be restored.

Session expired

The server has moved on; the page needs a fresh start.